 Dungeon Crawl Stone Soup version 0.32-a0-818-gb728d0252e (webtiles) character file.

Game seed: 7040199696661487094

17 hikkokomori the Apothecary (level 2, -1/19 HPs)
             Began as a Coglin Alchemist on Mar 24, 2024.
             Succumbed to an adder's poison
             ... on level 2 of the Dungeon.
             The game lasted 00:01:25 (1091 turns).

hikkokomori the Apothecary (Coglin Alchemist)       Turns: 1091, Time: 00:01:25

Health: -1/19      AC:  2    Str:  8    XL:     2   Next: 62%
Magic:  4/5        EV: 11    Int: 14    God:
Gold:   106        SH:  0    Dex: 14    Spells: 4/5 levels left

rFire   . . .        g - +0 mace {Eiko}
rCold   . . .        h - +0 club {Publius}
rNeg    . . .        a - +0 robe
rPois   .            (no helmet)
rElec   .            (no cloak)
rCorr   .            (no gloves)
SInv    .            (no boots)
Will    .....        (amulet unavailable)
Stlth   ++           (ring unavailable)
HPRegen 0.23/turn    (ring unavailable)
MPRegen 0.09/turn    (no gizmo)

%: no passive effects
@: lethally poisoned (-1 -> -9), revved
A: off-hand wielding, slow wielding, warmup strikes, no jewellery
a: Invent Gizmo


You were on level 2 of the Dungeon.
You visited 1 branch of the dungeon, and saw 2 of its levels.

You collected 106 gold pieces.

Inventory:

Hand Weapons
 g - a +0 mace (weapon) {Eiko}
 h - a +0 club (offhand) {Publius}
Missiles
 i - 4 boomerangs
Armour
 a - a +0 robe (worn)
Scrolls
 d - a scroll of teleportation
 e - a scroll of noise {unknown}
Potions
 b - a potion of magic
 c - a potion of berserk rage
 f - a potion of lignification


   Skills:
 - Level 1.7 Dodging
 - Level 1.5 Stealth
 + Level 2.1 Spellcasting
 + Level 1.4 Conjurations
 + Level 3.6 Alchemy


You had 4 spell levels left.
You knew the following spells:

 Your Spells              Type           Power      Damage    Failure   Level
a - Sting                 Conj/Alch      32%        1d5       9%          1

Your spell library contained the following spells:

 Spells                   Type           Power      Damage    Failure   Level
 Mercury Vapours          Alch/Air       12%        N/A       17%         2
 Mephitic Cloud           Conj/Alch/Air  6%         N/A       34%         3
 Olgreb's Toxic Radiance  Alch           11%        N/A       45%         4
 Sticky Flame             Fire/Alch      6%         2d4       73%         4


Dungeon Overview and Level Annotations

Branches:
Dungeon (2/15)

Altars:


Innate Abilities, Weirdness & Mutations

You can wield a second weapon in your off-hand.
It takes a long time for you to wield or remove held weapons.
Your first few attacks do less damage.
You cannot equip rings or amulets.


Message History

You hit the adder with your +0 club.
The adder is severely wounded.
You hit the adder but do no damage.
You feel sick. The adder closely misses you.
You are too injured to fight recklessly!
You are too injured to fight recklessly!
You are too injured to fight recklessly!
You are too injured to fight recklessly!
You are too injured to fight recklessly!
You are too injured to fight recklessly!
You closely miss the adder with your +0 mace.
The adder is severely wounded.
You hit the adder but do no damage.
You feel sick. The adder bites you. The adder bites you but does no damage.
You barely miss the adder with your +0 club.
The adder is severely wounded.
You closely miss the adder with your +0 mace.
You feel sick.
You are no longer poisoned.
The adder barely misses you. The adder bites you.
You are poisoned.
The adder poisons you!
You closely miss the adder with your +0 club.
The adder is severely wounded.
You hit the adder but do no damage.
* * * LOW HITPOINT WARNING * * *
You feel sick. The adder bites you.
* * * LOW HITPOINT WARNING * * *
You are more poisoned.
The adder poisons you!
Okay, then.
Okay, then.
Casting: Sting (safe; 9% risk of failure)
Confirm with . or Enter, or press ? or * to list all spells.
Aiming: Sting (safe; 9% risk of failure)
Press: ? - help, Shift-Dir - straight line, f - adder
Aim: an adder (severely wounded, 48% to hit)
The sting hits the adder.
The adder is poisoned.
You kill the adder!
You die...

#
#.###########..
#..............
#...@......#
#.##########
#########.#
..........######
########=......#
##.####.... #.#
# #####.#
#.....#


There were no monsters in sight!

Vanquished Creatures
  An adder (D:2)
  2 ball pythons (D:1)
  2 bats (D:1)
  An endoplasm (D:1)
  A giant cockroach (D:1)
  2 hobgoblins (D:1)
  A kobold (D:1)
  2 quokkas (D:1)
  2 frilled lizards (D:1)
  2 rats (D:1)
16 creatures vanquished.

Notes
Turn   | Place    | Note
-------+----------+-------------------------------------------
     0 | D:1      | hikkokomori the Coglin Alchemist began the quest for the
                  | Orb.
     0 | D:1      | Reached XP level 1. HP: 13/13 MP: 3/3
   189 | D:1      | Reached skill level 1 in Conjurations
   350 | D:1      | Reached XP level 2. HP: 19/19 MP: 1/5
   451 | D:1      | Found a faded altar of an unknown god.
  1091 | D:2      | Succumbed to an adder's poison

Illustrated notes

Levels and vault maps discovered:
D:1:      dpeg_arrival_round_b, layout_loops_ring,
          dreamdust_ecumenical_altar_grove, minmay_misc_feat_four_crosses,
          chequers_serial_rivers_large_b
D:2:      layout_loops_ring

Skill      XL: |  1 |
---------------+----+-----
Conjurations   | 1 |  1.4
Spellcasting   | 2 |  2.1
Dodging        | |  1.7
Stealth        | |  1.5
Alchemy        | |  3.6

Action                     || total
---------------------------++-------
  Melee: Mace              ||    12
         Club              ||    11
         Unarmed           ||     6
   Cast: Sting             ||    26
    Use: Scroll            ||     3
 Armour: Robe              ||    17
  Dodge: Dodged            ||    19

Table legend: (Time is in decaauts)
 A = Elapsed time spent in this place.
 B = Non-inter-level travel time spent in this place.
 C = Inter-level travel time spent in this place.
 D = Time resting spent in this place.
 E = Time spent auto-exploring this place.
 F = Levels seen in this place.
 G = Mean time per level.
                   A        B        C        D        E       F      G
               +--------+--------+--------+--------+--------+-----+--------+
         Total |   1122 |   1076 |     46 |      0 |    924 |   2 |  561.0 |
       Dungeon |   1122 |   1076 |     46 |      0 |    924 |   2 |  561.0 |
               +--------+--------+--------+--------+--------+-----+--------+

Top non-repeatable levels by time:
     D:1: 1077 daAuts
     D:2: 44 daAuts
